Map: Ice and Chrome LE

Players

ShoWTimE

  • Race: Protoss Protoss
  • Spawn Location: 7:00

PtitDrogo - Winner!

  • Race: Protoss Protoss
  • League: Master
  • Spawn Location: 1:00

Event: DreamHack SC2 Masters 2020 Summer Europe

VOD

Have the link to the VOD?

Description

Time

  • Played on: July 9, 2020, 12:43 p.m.
  • Length: 13:35

All games in this series

Show
View Real Time Build Order
Export as new Build Order

ShoWTimE Protoss 

Build Orders: Oracle Opening, Blink Stalkers, Zealot Archon 

Get SALT Encoding   

  12  0:00  Probe  
  13  0:12  Probe  
  14  0:18  Pylon  
  14  0:24  Probe  
  15  0:32  Probe  
  15  0:37  Gateway  
  15  0:40  Probe  
  16  0:46  Assimilator  
  17  0:51  Probe  
  17  0:54  Assimilator  
  18  1:00  Probe  
  19  1:07  Gateway  
  19  1:08  Probe  
  19  1:17  Probe  
  20  1:24  Cybernetics Core  
  21  1:29  Probe  
  22  1:35  Pylon  
  22  1:41  Probe  
  23  1:53  Probe  
  24  2:00  Adept x2  
  24  2:01  Warp Gate  
  28  2:06  Probe  
  29  2:13  Pylon  
  29  2:28  Pylon  
  29  2:31  Adept, Stargate  
  29  2:36  Adept  
  33  2:59  Nexus  
  33  3:02  Probe  
  34  3:06  Oracle  
  34  3:15  Probe  
  34  3:18  Pylon  
  38  3:27  Shield Battery, Probe  
  39  3:37  Twilight Council  
  39  3:39  Probe  
  40  3:51  Probe  
  39  3:56  Blink  
  39  4:01  Stalker  
  39  4:03  Probe  
  39  4:09  Probe  
  38  4:15  Probe  
  38  4:17  Probe  
  38  4:19  Stalker  
  41  4:27  Probe x2  
  43  4:39  Stalker, Probe x2  
  43  4:43  Forge  
  47  4:48  Stalker  
  47  4:51  Probe  
  47  4:52  Probe  
  51  4:53  Robotics Facility  
  51  4:56  Protoss Ground Weapons Level 1  
  51  4:59  Assimilator  
  51  5:03  Probe  
  51  5:04  Probe  
  51  5:06  Assimilator  
  53  5:08  Pylon  
  53  5:10  Stalker  
  55  5:16  Probe x2  
  57  5:23  Stalker  
  57  5:28  Probe x2  
  61  5:34  Gateway x2  
  61  5:42  Sentry  
  63  5:44  Observer  
  63  5:45  Pylon  
  64  5:55  Nexus  
  64  5:57  Probe x2  
  65  5:58  Phoenix  
  65  6:00  Sentry  
  65  6:02  Charge  
  68  6:09  Probe x2  
  70  6:11  Immortal  
  74  6:21  Probe x2  
  74  6:22  Pylon  
  76  6:31  Pylon  
  76  6:33  Probe  
  76  6:34  Gateway, Probe  
  76  6:38  Gateway  
  78  6:43  Immortal  
  78  6:44  Protoss Ground Weapons Level 2  
  78  6:53  Probe x2  
  84  7:03  Shield Battery  
  84  7:05  Templar Archives  
  84  7:13  Gateway, Warp Prism  
  84  7:14  Gateway  
  84  7:21  Pylon  
  86  7:25  Probe x3  
  89  7:31  Phoenix  
  89  7:32  Assimilator  
  89  7:33  Probe x2  
  89  7:36  Assimilator  
  91  7:37  Probe  
  91  7:40  Pylon  
  91  7:41  Probe x2  
  91  7:43  High Templar  
  91  7:44  High Templar x3  
  98  7:46  Phoenix  
  98  7:49  Photon Cannon, Archon x2, Probe  
  103  7:51  Probe  
  103  7:52  Probe  
  103  7:53  Photon Cannon  
  105  8:00  Pylon  
  105  8:01  Probe  
  106  8:06  High Templar x2  
  106  8:10  Archon  
  110  8:20  Pylon  
  110  8:21  Zealot x5  
  110  8:22  Zealot  
  110  8:26  Pylon  
  122  8:29  Phoenix  
  122  8:32  Nexus  
  124  8:44  High Templar x2  
  124  8:45  Zealot x4  
  136  8:49  Archon  
  136  8:53  Zealot x2  
  136  8:55  Protoss Ground Weapons Level 3  
  140  8:56  Phoenix, Pylon  
  142  9:06  Pylon  
  142  9:08  Pylon  
  142  9:14  Pylon  
  142  9:16  Pylon  
  142  9:17  Probe x3  
  142  9:23  Phoenix  
  147  9:31  High Templar x4  
  147  9:32  Zealot x4  
  147  9:36  Archon x2  
  163  9:48  Phoenix  
  163  9:52  Robotics Bay  
  165  9:58  Pylon  
  161  10:00  Robotics Facility  
  161  10:09  Zealot x8  
  161  10:13  Pylon  
  177  10:28  Disruptor  
  177  10:32  Zealot x8  
  193  10:38  Disruptor  
  191  11:04  Zealot x4  
  191  11:05  Disruptor  
  195  11:15  Disruptor  
  199  11:24  Photon Cannon  
  199  11:27  Photon Cannon, Assimilator  
  199  11:29  Assimilator  
  197  11:37  Zealot x3  
  197  11:38  Disruptor  
  191  11:45  Disruptor  
  180  11:52  Zealot x5  
  177  12:06  Disruptor  
  177  12:07  Zealot x3  
  142  12:16  Disruptor  
  142  12:18  High Templar x4  
  142  12:19  Zealot  
  142  12:22  Archon x2  
  139  12:30  Gateway  
  139  12:31  Zealot x3  
  139  12:32  Disruptor, Pylon  
  139  12:34  Pylon  
  133  12:40  Zealot  
  118  12:50  Zealot x4  
  100  12:52  Disruptor  
  100  12:57  Zealot x3  
  102  13:04  Zealot  
  91  13:10  Zealot  
  86  13:12  Zealot  
  86  13:13  Zealot x2  
  86  13:19  Zealot x3  
  86  13:25  Stalker  
  74  13:27  Zealot  
  74  13:32  Stalker  
Show
View Real Time Build Order
Export as new Build Order

PtitDrogo Protoss - Winner!

Build Orders:  

Get SALT Encoding   

  12  0:00  Probe  
  13  0:13  Probe  
  14  0:17  Pylon  
  14  0:24  Probe  
  15  0:32  Probe  
  15  0:40  Gateway, Probe  
  16  0:46  Assimilator  
  17  0:52  Probe  
  17  0:54  Assimilator  
  18  1:00  Probe  
  19  1:07  Gateway  
  19  1:08  Probe  
  20  1:18  Probe  
  21  1:31  Cybernetics Core, Probe  
  22  1:41  Pylon  
  22  1:43  Probe  
  23  1:59  Probe  
  24  2:07  Stalker  
  24  2:08  Stalker, Warp Gate  
  28  2:16  Probe  
  29  2:30  Pylon  
  29  2:31  Pylon  
  28  2:43  Probe  
  29  2:44  Nexus  
  29  2:48  Sentry  
  29  2:49  Sentry  
  33  2:54  Probe  
  34  3:01  Shield Battery  
  34  3:02  Probe  
  34  3:08  Pylon  
  34  3:10  Probe  
  35  3:16  Twilight Council  
  36  3:21  Stalker, Probe  
  39  3:29  Probe  
  40  3:38  Probe  
  40  3:39  Shield Battery  
  41  3:47  Shield Battery  
  41  3:54  Probe  
  39  3:58  Stalker  
  40  4:03  Probe  
  39  4:10  Probe  
  39  4:11  Probe  
  39  4:15  Blink  
  39  4:18  Probe  
  39  4:22  Sentry  
  42  4:25  Forge  
  42  4:28  Probe  
  42  4:29  Probe  
  40  4:43  Probe  
  40  4:44  Protoss Ground Weapons Level 1  
  41  4:47  Probe  
  42  4:56  Probe  
  43  5:01  Stalker  
  43  5:03  Probe  
  43  5:04  Stalker  
  48  5:09  Probe  
  48  5:11  Probe  
  49  5:18  Probe  
  49  5:20  Probe  
  51  5:26  Probe  
  51  5:27  Pylon  
  52  5:32  Probe  
  52  5:34  Robotics Facility  
  52  5:35  Probe  
  55  5:44  Nexus, Probe  
  55  5:47  Probe  
  56  5:54  Assimilator  
  56  5:56  Stalker x2, Probe  
  61  5:59  Probe  
  62  6:14  Gateway, Probe  
  62  6:15  Gateway, Probe  
  62  6:18  Gateway  
  64  6:24  Observer, Pylon  
  65  6:26  Probe  
  65  6:28  Stalker x2  
  65  6:31  Protoss Ground Weapons Level 2  
  70  6:42  Probe x2  
  70  6:43  Shield Battery  
  70  6:44  Charge  
  72  6:52  Stalker x2  
  72  6:53  Probe  
  72  6:54  Probe x2  
  79  7:01  Probe  
  79  7:06  Probe x2  
  82  7:09  Photon Cannon  
  82  7:10  Probe  
  82  7:13  Stalker  
  85  7:18  Probe x2  
  85  7:19  Pylon  
  85  7:22  Probe  
  88  7:23  Assimilator  
  88  7:25  Assimilator  
  88  7:30  Stalker, Probe x2  
  88  7:33  Robotics Bay  
  88  7:34  Probe  
  88  7:35  Assimilator  
  93  7:42  Probe x2  
  95  7:44  Pylon x2  
  95  7:47  Photon Cannon  
  96  7:52  Robotics Facility  
  96  7:54  Probe x2  
  97  7:58  Stalker  
  97  7:59  Stalker  
  97  8:01  Pylon  
  97  8:03  Pylon  
  101  8:13  Pylon  
  104  8:28  Colossus  
  104  8:30  Colossus, Protoss Ground Weapons Level 3  
  104  8:32  Stalker x5  
  122  8:42  Shield Battery  
  122  8:43  Pylon  
  122  8:44  Pylon  
  122  8:55  Pylon  
  122  8:58  Gateway, Pylon  
  122  9:00  Extended Thermal Lance  
  122  9:05  Zealot x4  
  130  9:14  Colossus  
  130  9:15  Zealot  
  132  9:25  Zealot x4  
  132  9:26  Colossus  
  152  9:43  Templar Archives  
  152  9:46  Pylon  
  151  9:52  Zealot x2  
  151  9:53  Zealot x2  
  153  10:10  Warp Prism  
  153  10:15  Gateway  
  153  10:16  Gateway, Nexus  
  153  10:19  High Templar  
  153  10:20  High Templar x3  
  153  10:21  Observer, Zealot  
  164  10:24  Archon  
  164  10:25  Archon  
  164  10:30  Pylon  
  164  10:39  Pylon  
  164  10:41  Pylon  
  164  10:43  Pylon  
  164  10:44  Pylon  
  164  10:50  Zealot x2  
  164  10:52  Zealot x3  
  164  10:53  Photon Cannon  
  169  11:19  High Templar x3  
  169  11:20  High Templar x3  
  169  11:21  Zealot x2  
  169  11:22  Pylon  
  169  11:23  Archon x2  
  169  11:24  Archon  
  183  11:41  Probe x2  
  181  11:51  Stalker x2  
  181  11:52  Stalker x6  
  175  12:15  Stalker x8  
  128  12:38  Stalker x8  
  124  12:57  Probe x2  
  124  12:58  Probe  
  117  13:01  Stalker x4  
  117  13:02  Stalker x4  
  101  13:26  Stalker x8  
Tags
 
Add a new tag
Caveats
  • Supply blocks, unpowered buildings, or Contaminate may cause inaccurate times.
  • Supply counts are checked every 10 seconds.